cohdb
Replays
Latest Replays
All Replays
Popular Replays
Top Player Replays
Match Explorer
How It Works
Community
CoH3 Stats
Reddit
Sign in to upload your games and track your stats! →
Sign in with Steam
Match 45313771
Unlisted
Match 45313771
Overview
Messages
Build Orders
End
Panzergrenadier Squad
250 Light Carrier
Panzergrenadier Squad
Construct Light Support Kompanie
Combat Half-tracks
2.5-tonne Medical Truck
Panzergrenadier Squad
Assault Mechanized Group
Fire Support Elements
Pak 38 Anti-tank Gun Team
Flakvierling Half-track
Construct Panzerarmee Kommand
Emergency Repair Kits
Panzer III L Medium Tank
Selects Armored Support Battlegroup
Selects Salvage Kits
Selects Panzer Storm
Selects Veteran Gunners
Rapid Advance
Tungsten Core Ammunition
Selects Stuka Anti-tank Loiter
Stuka Anti-tank Loiter
Armored Reserves
Tiger Heavy Tank
Vehicle Survival Package
Panzerpioneer Squad
Stuka Anti-tank Loiter
Advanced Optics
Panzer III L Medium Tank
Panzer Storm
Construct Mechanized Kompanie
18-tonne Recovery Half-track
Selects Flammpanzer III Medium Tank
Selects Battlefield Salvage
Panzergrenadier Squad
Tiger Heavy Tank
Panzer IV Assault Group
Advanced Field Repairs
Battlefield Salvage
Stuka Anti-tank Loiter
PIZZADAYO
wapple925602
마사장
Altair
wila
POOH
Delamination
Altair9527
0
0
Comments
sign in to comment!
No comments posted yet!